 Dungeon Sprint DCSS version 0.18-a0-993-g4a3b7c7 (webtiles) character file.

732 M4edhros the Covert (level 7, -4/42 (43) HPs)
             Began as an Octopode Artificer on Jan 4, 2016.
             Was a Follower of Fedhas.
             Slain by a kraken (38 damage)
             ... in the Dungeon (Sprint II: "The Violet Keep of Menkaure").
             The game lasted 00:06:14 (852 turns).

M4edhros the Covert (Octopode Artificer)             Turns: 852, Time: 00:06:17

HP:   -4/42 (43)    AC:  1    Str:  6 (10) XL:     7   Next: 73%
MP:   13/13         EV: 28    Int: 12      God:    Fedhas [*.....]
Gold: 662           SH:  0    Dex: 22      Spells: 0 memorised, 6 levels left

rFire  + . .     SeeInvis .     a - +0 short sword
rCold  + . .     Gourm    .     (no shield)
rNeg   . . .     Faith    .     (helmet restricted)
rPois  +         Spirit   .     (no amulet)
rElec  +         Dismiss  .     (no ring)
rCorr  +         Reflect  .     (no ring)
SustAt .         Harm     .     (no ring)
MR     .....     NoTele   +     (no ring)
Stlth  +++++++++.               (no ring)
                                (no ring)
                                (no ring)
                                (no ring)

@: agile, resistant, flying, very slightly contaminated, invisible, not
resistant to hostile enchantments, incredibly stealthy
A: almost no armour, amphibious, 8 rings, constrict 8, camouflage 1, agile 1,
dopey 1, mutation resistance 1, gelatinous body 1
a: Evolution, Renounce Religion


You were in the Dungeon.
You worshipped Fedhas.
Fedhas was aware of your devotion.
You were hungry.

You visited 1 branch You collected 662 gold pieces.

Inventory:

Hand Weapons
 a - a +0 short sword (weapon)
Wands
 b - a wand of flame (5/48)
 c - a wand of enslavement (13/24)
 d - a wand of random effects (15/48)
Scrolls
 j - 4 scrolls of remove curse
 k - a scroll of blinking
 m - 2 scrolls of enchant weapon {unknown}
 s - 2 scrolls of identify {unknown}
 t - a scroll of recharging {unknown}
 v - 2 scrolls of random uselessness {unknown}
Potions
 e - 3 potions of curing
 g - 3 potions of heal wounds
 h - 2 potions of haste
 i - 5 potions of magic
 l - 3 potions of flight
 o - 4 potions of resistance
Comestibles
 f - 2 bread rations
 q - 2 meat rations
 w - a beef jerky


   Skills:
 - Level 1.0 Fighting
 - Level 1.0 Short Blades
 * Level 10.6 Dodging
 * Level 14.0 Stealth
 * Level 0.0 Invocations
 + Level 8.7 Evocations


You had 6 spell levels left.
You didn't know any spells.

Dungeon Overview and Level Annotations

Branches:
Dungeon (1/1)

Altars:
Cheibriados
Dithmenos
Elyvilon
Fedhas
Gozag
Kikubaaqudgha
Makhleb
Nemelex Xobeh
Okawaru
Pakellas
Qazlal
Ru
Sif Muna
Trog
Vehumet
Xom
Yredelemnul
Zin
The Shining One
Beogh
Jiyva
Lugonu

Shops:
D :=%!=?!%}[(}=:([

Annotations:
D exclusion: ice statue


Innate Abilities, Weirdness & Mutations

You cannot wear most types of armour.
You are amphibious.
You can wear up to eight rings at the same time.
You can use your tentacles to constrict eight enemies at once.
Your skin changes colour to match your surroundings (Stealth).
Your rubbery body absorbs attacks (AC +1).
You are agile. (Dex +2)
You are dopey. (Int -2)
You are somewhat resistant to further mutation.


Message History

You squeeze the kraken, but do no damage.
The kraken is lightly wounded.
The kraken completely misses you. x2
You catch the helpless kraken completely off-guard!
You puncture the kraken!
The kraken is lightly wounded.
The kraken barely misses you. The kraken misses you.
You hit the kraken but do no damage.
You squeeze the kraken, but do no damage.
The kraken is lightly wounded.
You are feeling hungry.
The kraken bites you!
You completely miss the kraken.
You squeeze the kraken, but do no damage.
The kraken is lightly wounded.
The kraken closely misses you. The kraken bites you!!!
Ouch! That really hurt!
You die...
Xom chortles!
Fedhas appreciates your contribution to the ecosystem.

###}=▓......).▓▓
.####▓(.(..[.[▓▓ .#
c#▓.)....(.▓▓ .#
y#▓...(.)..▓▓ .#
h#▓.(......▓▓
.##.#▓..(...f.▓▓
...##▓▓▓▓▓▓▓'▓▓▓▓+▓
≈≈≈≈≈≈≈≈≈≈≈≈f..≈≈X▓
#'########§###.≈@≈▓
#..._._._#≈≈§##≈≈≈▓
#.._._._.#≈§§§####▓▓
#._._._._#≈§§§§## $#
#_._._._.#≈§≈§≈§#$T#
#._._._..#≈§§§§§+$$+
#_._._...#§≈§§§§#$T#
#._._....#≈§§§≈§▓ $#
#........#≈≈≈§▓▓▓▓ ▓


You could see a kraken and 2 friendly wandering mushrooms.

Vanquished Creatures
  Menkaure (D)
  4 necrophages (D)
  2 crocodiles (D)
  4 worker ants (D)
11 creatures vanquished.

Vanquished Creatures (collateral kills)
  2 crocodiles (D)
2 creatures vanquished.

Vanquished Creatures (others)
  An oklob plant (D)
  8 toadstools (D)
9 creatures vanquished.

Grand Total: 22 creatures vanquished

Notes
Turn   | Place    | Note
--------------------------------------------------------------
     0 | D        | M4edhros the Octopode Artificer began the quest for the Orb.
     0 | D        | Reached XP level 1. HP: 13/13 MP: 3/3
     1 | D        | Noticed a necrophage
     1 | D        | Noticed a necrophage
     1 | D        | Noticed a necrophage
     1 | D        | Noticed a necrophage
     5 | D        | Killed a necrophage
     5 | D        | Reached skill level 5 in Dodging
     5 | D        | Reached skill level 7 in Stealth
     5 | D        | Reached skill level 5 in Evocations
     5 | D        | Reached XP level 2. HP: 18/18 MP: 3/5
     5 | D        | Reached XP level 3. HP: 23/23 MP: 4/7
     5 | D        | Reached XP level 4. HP: 28/28 MP: 4/8
    10 | D        | Killed a necrophage
    10 | D        | Reached skill level 9 in Stealth
    10 | D        | Reached XP level 5. HP: 33/33 MP: 4/9
    16 | D        | Killed a necrophage
    16 | D        | Reached skill level 10 in Stealth
    16 | D        | Reached XP level 6. HP: 38/38 MP: 4/11
    20 | D        | Killed a necrophage
    20 | D        | Reached skill level 11 in Stealth
    43 | D        | Found Umilof's Antique Weapon Emporium.
    43 | D        | Found Uzyu's Antique Armour Shoppe.
    43 | D        | Found Uwnog's Gadget Emporium.
    43 | D        | Found Tumaeps's Food Shoppe.
    43 | D        | Found Lecio's Gadget Shoppe.
    43 | D        | Found Xupy's Distillery.
    44 | D        | Found Roys's Jewellery Shoppe.
    44 | D        | Found Jawoy's Distillery.
    44 | D        | Found Jiatiece's Book Shoppe.
    44 | D        | Found Zihe's Antique Armour Shoppe.
    44 | D        | Found Utaodith's Antique Weapon Emporium.
    55 | D        | Reached skill level 12 in Stealth
    60 | D        | Reached XP level 7. HP: 42/42 MP: 12/12
    70 | D        | Noticed a neqoxec
    73 | D        | Noticed a hippogriff
    73 | D        | Noticed a hippogriff
   218 | D        | Found Fosek's Food Shoppe.
   218 | D        | Found Boplittu's Jewellery Emporium.
   219 | D        | Found Gulalu's Jewellery Shoppe.
   219 | D        | Found Xyefoath's Magic Scroll Emporium.
   220 | D        | Noticed Menkaure
   220 | D        | Noticed an oklob plant
   226 | D        | Killed Menkaure
   226 | D        | Reached skill level 10 in Dodging
   226 | D        | Reached skill level 13 in Stealth
   234 | D        | Found Ikat's Book Shoppe.
   236 | D        | Noticed a redback
   236 | D        | Noticed a redback
   238 | D        | Noticed a wyvern
   267 | D        | Noticed an ice statue
   278 | D        | Found a burning altar of Makhleb.
   281 | D        | Found an oddly glowing altar of Pakellas.
   281 | D        | Found an ancient bone altar of Kikubaaqudgha.
   282 | D        | Found a snail-covered altar of Cheibriados.
   282 | D        | Found a sacrificial altar of Ru.
   289 | D        | Found a shadowy altar of Dithmenos.
   289 | D        | Found a glowing golden altar of the Shining One.
   289 | D        | Found a sparkling altar of Nemelex Xobeh.
   289 | D        | Found a deep blue altar of Sif Muna.
   289 | D        | Found a glowing silver altar of Zin.
   290 | D        | Found a bloodstained altar of Trog.
   290 | D        | Found an iron altar of Okawaru.
   290 | D        | Found a viscous altar of Jiyva.
   291 | D        | Found a stormy altar of Qazlal.
   291 | D        | Found a roughly hewn altar of Beogh.
   291 | D        | Found a basalt altar of Yredelemnul.
   292 | D        | Found an opulent altar of Gozag.
   292 | D        | Found a corrupted altar of Lugonu.
   294 | D        | Found a white marble altar of Elyvilon.
   294 | D        | Found a shimmering altar of Xom.
   294 | D        | Found a radiant altar of Vehumet.
   294 | D        | Found a blossoming altar of Fedhas.
   294 | D        | Noticed a polar bear
   295 | D        | Noticed a yaktaur
   298 | D        | Noticed a flying skull
   299 | D        | Noticed a flying skull
   299 | D        | Noticed a flying skull
   300 | D        | Noticed a flying skull
   306 | D        | Became a worshipper of Xom of Chaos
   310 | D        | Noticed a flying skull
   311 | D        | Fell from the grace of Xom
   311 | D        | Became a worshipper of Fedhas Madash
   316 | D        | Killed an oklob plant
   317 | D        | Noticed a flying skull
   319 | D        | Noticed a flying skull
   325 | D        | Noticed a flying skull
   330 | D        | Noticed a flying skull
   338 | D        | Noticed a flying skull
   523 | D        | Noticed a kraken
   546 | D        | Reached skill level 14 in Stealth
   548 | D        | Reached * piety under Fedhas
   562 | D        | Noticed a flying skull
   575 | D        | Reached ** piety under Fedhas
   667 | D        | Noticed a deep troll
   667 | D        | Noticed a deep troll
   673 | D        | Noticed a flying skull
   673 | D        | Noticed a flying skull
   673 | D        | Noticed a flying skull
   673 | D        | Noticed a flying skull
   674 | D        | Noticed a flying skull
   841 | D        | Gained mutation: You are dopey. (Int -2) [potion of mutation]
   841 | D        | Gained mutation: You are agile. (Dex +2) [potion of mutation]
   841 | D        | Gained mutation: You are somewhat resistant to further mutation. [potion of mutation]
   852 | D        | Slain by a kraken

Vault maps used:
D:        the_violet_keep_of_menkaure

Action                   |  1- 3 |  4- 6 |  7- 9 || total
-------------------------+-------+-------+-------++-------
Melee: Short sword       |     3 |    18 |     9 ||    30
Invok: Evolution         |       |       |     2 ||     2
Evoke: Wand              |       |       |    12 ||    12
  Use: Potion            |     1 |       |     6 ||     7
       Scroll            |       |       |     1 ||     1
 Stab: Sleeping          |       |     4 |     1 ||     5
       Invisible         |       |       |     2 ||     2
